 Dungeon Crawl Stone Soup version 0.20.0-15-g7f486f2 (webtiles) character file.

22008 Gargoyl the Cleaver (level 12, -7/100 HPs)
             Began as a Grey Draconian Abyssal Knight on June 16, 2017.
             Was a Priest of Lugonu.
             Mangled by a spiny frog (19 damage)
             ... on level 5 of the Lair of Beasts.
             The game lasted 00:37:04 (16072 turns).

Gargoyl the Cleaver (DrAK)                         Turns: 16072, Time: 00:37:05

Health: -7/100     AC: 24    Str: 18    XL:     12   Next: 59%
Magic:  8/19       EV: 16    Int: 13    God:    Lugonu [***...]
Gold:   583        SH: 10    Dex: 14    Spells: 11/11 levels left

rFire    . . .     SeeInvis .   h - +4 hand axe
rCold    . . .     Gourm    .   C - +0 shield
rNeg     . . .     Faith    .   (armour unavailable)
rPois    .         Spirit   .   c - +2 hat
rElec    .         Reflect  .   U - +0 cloak
rCorr    .         Harm     .   z - +1 pair of gloves
MR       +....                  o - +0 pair of boots of the Ditch-Digger {MR+ Regen+ Dex+2}
Stlth    ++++......             H - amulet of regeneration
Regen    1.1/turn               s - +2 ring of slaying
MPRegen  0.2/turn               Q - +5 ring of protection

@: no status effects
A: walk through water, unfitting armour, unbreathing, cold-blooded, AC +13
a: Depart the Abyss, Bend Space, Banish, Renounce Religion


You were on level 5 of the Lair of Beasts.
You worshipped Lugonu.
Lugonu was most pleased with you.
You were very hungry.

You visited 2 branches of the dungeon, and saw 15 of its levels.
You visited the Abyss 1 time.

You collected 583 gold pieces.

Inventory:

Hand Weapons
 a - a +2 hand axe
 h - a +4 hand axe (weapon)
 G - a +0 war axe of freezing
Missiles
 K - 7 tomahawks (quivered)
Armour
 c - a +2 hat (worn)
 o - the +0 pair of boots of the Ditch-Digger (worn) {MR+ Regen+ Dex+2}
   (You found it on level 5 of the Dungeon)

   It affects your dexterity (+2).
   It affects your resistance to hostile enchantments.
   It increases your rate of regeneration.
 z - a +1 pair of gloves (worn)
 C - a +0 shield (worn)
 U - a +0 cloak (worn)
Jewellery
 f - an uncursed amulet of magic regeneration
 n - an uncursed ring of fire
 s - a +2 ring of slaying (left hand)
 E - an uncursed ring of ice
 H - an amulet of regeneration (around neck)
 Q - a +5 ring of protection (right hand)
Wands
 d - a wand of flame (13/48)
 g - a wand of polymorph (6/24)
 q - a wand of iceblast (0/15)
 x - a wand of random effects (16/48)
 y - a wand of acid (0/15)
 A - a wand of polymorph (15/24)
 B - a wand of lightning (10/15)
 I - a wand of paralysis (10/24)
 J - a wand of iceblast (9/15)
 O - a wand of lightning (4/15)
 P - a wand of paralysis (10/24)
Scrolls
 e - a scroll of fear
 j - 3 scrolls of remove curse
 t - 2 scrolls of recharging
 u - a scroll of blinking
 v - a scroll of amnesia
 F - 2 scrolls of fog
 L - 2 scrolls of identify
 M - a scroll of magic mapping
 N - a scroll of teleportation
Potions
 m - 3 potions of curing
 R - a potion of brilliance
 S - 2 potions of ambrosia {unknown}
 T - a potion of degeneration {unknown}
Books
 l - Sif Muna's Catalogue of Stones
   (You found it on level 4 of the Dungeon)

   Spells                             Type                      Level
   a - Sandblast                      Earth                        1
 p - a book of Power

   Spells                             Type                      Level
   a - Iskenderun's Battlesphere      Conjuration/Charms           5
   b - Venom Bolt                     Conjuration/Poison           5
   c - Bolt of Magma                  Conjuration/Fire/Earth       5
   d - Iron Shot                      Conjuration/Earth            6
   e - Orb of Destruction             Conjuration                  7
   f - Spellforged Servitor           Conjuration/Summoning        7
 w - a book of Air

   Spells                             Type                      Level
   a - Shock                          Conjuration/Air              1
   b - Swiftness                      Charms/Air                   2
   c - Static Discharge               Conjuration/Air              3
   d - Airstrike                      Air                          4
   e - Lightning Bolt                 Conjuration/Air              5
 D - a book of Clouds

   Spells                             Type                      Level
   a - Poisonous Vapours              Poison/Air                   2
   b - Mephitic Cloud                 Conjuration/Poison/Air       3
   c - Conjure Flame                  Conjuration/Fire             3
   d - Freezing Cloud                 Conjuration/Ice/Air          6
   e - Ring of Flames                 Charms/Fire                  7
Comestibles
 b - 8 bread rations
 i - 10 meat rations
 k - 9 royal jellies
 r - 12 fruits
 V - 2 chunks of flesh


   Skills:
 + Level 7.5 Fighting
 + Level 10.5 Axes
 + Level 1.2 Throwing
 * Level 9.8 Dodging
 * Level 8.8 Stealth
 + Level 6.2 Shields
 * Level 10.2 Invocations
 + Level 1.5 Evocations


You had 11 spell levels left.
You didn't know any spells.

Dungeon Overview and Level Annotations

Branches:
Dungeon (9/15)             Temple (0/1) D:5            Lair (6/6) D:9
 Shoals (0/4) Lair:4       Spider (0/4) Lair:2
  Slime: Lair:5-6       Orc: D:9-12

Altars:
Ashenzari
Fedhas
Gozag
Hepliaklqana
Makhleb
Nemelex Xobeh
Okawaru
Sif Muna
Trog
Vehumet
Xom
Zin
The Shining One

Annotations:
Abyss:1 Nessos


Innate Abilities, Weirdness & Mutations

You can walk through water.
Your dull iron-grey scales are very hard. (AC +13)
You cannot fit into any form of body armour.
You can survive without breathing.
You are cold-blooded and may be slowed by cold attacks.


Message History

You hit the spiny frog. You tail-slap the spiny frog.
The spiny frog is heavily wounded.
The spiny frog barely misses you.
You hit the spiny frog but do no damage.
The spiny frog is heavily wounded.
The spiny frog stings you!!
* * * LOW HITPOINT WARNING * * *
You hit the spiny frog. You tail-slap the spiny frog!
The spiny frog is severely wounded.
You block the spiny frog's attack.
You hit the spiny frog but do no damage.
The spiny frog is severely wounded.
You block the spiny frog's attack.
You hit the spiny frog. You tail-slap the spiny frog.
The spiny frog is almost dead.
You block the spiny frog's attack.
You barely miss the spiny frog.
The spiny frog is almost dead.
The spiny frog stings you!!
You die...

...............................##
..#................P...........##
.≈≈.#...#....#..#.##P###.........
≈≈≈≈..##.######.#########......P.
≈≈≈≈.....#.######## ##.#.#PP...##
≈.≈...≈≈..###.....###.#.......(#
#≈≈..≈≈≈.....................((#
#≈≈.≈≈≈.........F..............##
##≈≈≈≈.#........@...............#
≈≈≈≈≈..........§................#
≈#≈≈≈≈.#......(.................#
≈≈≈≈≈≈.##......................##
≈≈.#≈≈.#.......................##
≈#≈≈≈...........................P
≈≈≈≈............................#
≈≈≈.#...........................#
.................>.............##


You could see a spiny frog.

Vanquished Creatures
  A catoblepas (Lair:2)
  A death yak (Lair:3)
  7 elephants
  A black mamba (Lair:3)
  A torpor snail (Lair:4)
  6 spiny frogs
  A rime drake (Lair:3)
  4 komodo dragons
  A kobold demonologist (D:6)
  The ghost of Schimscham the Digger, a novice GrEE of Sif Muna (D:5)
  A snapping turtle (Lair:4)
  5 hippogriffs
  21 yaks
  3 basilisks
  A wraith (D:8)
  A wyvern (D:9)
  8 water moccasins
  15 porcupines
  A sky beast (D:9)
  A black bear (D:9)
  4 ice beasts
  The ghost of loom the Skirmisher, an amateur MiFi (D:3)
  3 phantoms
  2 ogres
  5 wolves (Lair:1)
  4 centaurs
  12 crocodiles
  A big kobold (D:8)
  11 bullfrogs
  A water moccasin zombie (D:8)
  2 water moccasin skeletons
  2 scorpions (D:4)
  4 killer bees (D:7)
  5 wights
  5 crimson imps
  4 hounds
  3 jellies
  A quasit (D:9)
  3 iron imps (D:7)
  6 orc priests
  An iguana (D:5)
  8 worker ants
  6 orc wizards
  A killer bee zombie (D:7)
  A hound zombie (D:7)
  A hound skeleton (D:6)
  4 gnolls (D:6)
  7 adders
  A howler monkey skeleton (D:5)
  2 shadow imps
  3 white imps (Lair:5)
  2 oozes (D:2)
  2 adder skeletons
  3 worms
  2 dart slugs
  6 leopard geckos
  25 orcs
  2 giant cockroaches
  10 hobgoblins
  9 jackals
  18 kobolds
  2 quokkas
  7 bats
  8 frilled lizards
  5 goblins
  A jackal skeleton (D:7)
  A quokka skeleton (D:9)
  11 rats
309 creatures vanquished.

Vanquished Creatures (others)
  An ice dragon (Lair:5)
  A death yak (Lair:3)
  An orb spider (Lair:2)
  A hornet (Lair:5)
  An orc warrior (D:8)
  3 fungi (Lair:3)
  A plant (Lair:1)
9 creatures vanquished.

Grand Total: 318 creatures vanquished

Notes
Turn   | Place    | Note
-------+----------+-------------------------------------------
     0 | Abyss:1  | Gargoyl the Draconian Abyssal Knight began the quest for the Orb.
     0 | Abyss:1  | Reached XP level 1. HP: 19/19 MP: 2/2
    19 | Abyss:2  | Noticed a hungry ghost
    19 | D:1      | Escaped the Abyss
    85 | D:1      | Reached * piety under Lugonu
   164 | D:1      | Reached XP level 2. HP: 13/26 MP: 3/3
  1228 | D:2      | Reached XP level 3. HP: 29/33 MP: 4/4
  1417 | D:2      | Reached skill level 1 in Stealth
  1530 | D:2      | Found a faded altar of an unknown god.
  1539 | D:2      | Reached ** piety under Lugonu
  1860 | D:2      | Reached XP level 4. HP: 35/40 MP: 5/5
  2006 | D:3      | Noticed loom's ghost (amateur MiFi)
  2481 | D:3      | Found a bloodstained altar of Trog.
  2483 | D:3      | Found a hazy altar of Hepliaklqana.
  3135 | D:3      | Reached XP level 5. HP: 35/46 MP: 6/6
  3617 | D:3      | Reached XP level 6. HP: 33/52 MP: 8/8
  3903 | D:4      | Gained mutation: You occasionally shout uncontrollably at your foes. [potion of mutation]
  3903 | D:4      | Gained mutation: You are dopey. (Int -2) [potion of mutation]
  3903 | D:4      | Gained mutation: Your muscles are strong. (Str +2) [potion of mutation]
  4136 | D:4      | Lost mutation: You are dopey. (Int -2) [potion of mutation]
  4136 | D:4      | Lost mutation: Your muscles are strong. (Str +2) [potion of mutation]
  4136 | D:4      | Lost mutation: You occasionally shout uncontrollably at your foes. [potion of mutation]
  4136 | D:4      | Gained mutation: You have a pair of small antennae on your head. [potion of mutation]
  4136 | D:4      | Gained mutation: Your mind is acute. (Int +2) [potion of mutation]
  4277 | D:4      | Found a deep blue altar of Sif Muna.
  4301 | D:4      | Your scales start taking on a dull iron-grey colour.
  4301 | D:4      | Reached XP level 7. HP: 42/59 MP: 9/9
  4301 | D:4      | Gained mutation: You can survive without breathing. [Grey Draconian growth]
  4332 | D:4      | Identified Sif Muna's Catalogue of Stones
  4389 | D:3      | Killed loom's ghost
  4732 | D:5      | Entered Level 5 of the Dungeon
  5024 | D:5      | Got a pair of fine boots
  5030 | D:5      | Identified the +0 pair of boots of the Ditch-Digger {MR+ Regen+ Dex+2} (You found it on level 5 of the Dungeon)
  5107 | D:5      | Reached skill level 5 in Axes
  5203 | D:5      | Noticed Schimscham's ghost (novice GrEE)
  5224 | D:5      | Killed Schimscham's ghost
  5224 | D:5      | Reached skill level 1 in Evocations
  5300 | D:5      | Reached XP level 8. HP: 67/67 MP: 10/10
  5449 | D:5      | Reached *** piety under Lugonu
  5600 | D:5      | Reached skill level 5 in Dodging
  5690 | D:5      | Found a staircase to the Ecumenical Temple.
  6026 | D:6      | Reached skill level 5 in Fighting
  6044 | D:6      | Found a shattered altar of Ashenzari.
  6375 | D:6      | Found a glowing silver altar of Zin.
  6375 | D:6      | Found a radiant altar of Vehumet.
  6379 | D:6      | Found a shimmering altar of Xom.
  6472 | D:6      | Found a transporter.
  6489 | D:6      | Noticed a kobold demonologist
  6490 | D:6      | Noticed a kobold demonologist
  6508 | D:6      | Noticed an orange demon
  6515 | D:6      | Noticed a sixfirhy
  6676 | D:6      | Killed a kobold demonologist
  6700 | D:6      | Found a transporter.
  6736 | D:6      | Reached skill level 5 in Invocations
  7162 | D:7      | Reached skill level 5 in Stealth
  7205 | D:7      | Reached XP level 9. HP: 74/74 MP: 12/12
  7217 | D:7      | Found an opulent altar of Gozag.
  7247 | D:7      | Found a blossoming altar of Fedhas.
  7764 | D:7      | Reached skill level 1 in Shields
  7857 | D:7      | Found a burning altar of Makhleb.
  8174 | D:8      | Found a sparkling altar of Nemelex Xobeh.
  8188 | D:7      | Reached **** piety under Lugonu
  8550 | D:8      | Found a glowing golden altar of the Shining One.
  9190 | D:9      | Gained mutation: Your body sometimes deteriorates upon taking damage. [mutagenic meat]
  9192 | D:9      | Gained mutation: You are weak. (Str -2) [mutagenic meat]
  9193 | D:9      | Lost mutation: Your mind is acute. (Int +2) [mutagenic meat]
  9194 | D:9      | Gained mutation: Your body often deteriorates upon taking damage. [mutagenic meat]
  9338 | D:9      | Reached XP level 10. HP: 82/82 MP: 14/14
  9447 | D:9      | Found an iron altar of Okawaru.
  9459 | D:9      | Found a staircase to the Lair.
  9933 | Lair:1   | Entered Level 1 of the Lair of Beasts
  9963 | Lair:1   | Noticed a spiny frog
  9986 | Lair:1   | Killed a spiny frog
 10237 | Lair:1   | Lost mutation: Your body often deteriorates upon taking damage. [potion of mutation]
 10237 | Lair:1   | Lost mutation: You are weak. (Str -2) [potion of mutation]
 10237 | Lair:1   | Lost mutation: Your body sometimes deteriorates upon taking damage. [potion of mutation]
 10237 | Lair:1   | Lost mutation: You have a pair of small antennae on your head. [potion of mutation]
 10237 | Lair:1   | Gained mutation: You tend to lose your temper in combat. [potion of mutation]
 10237 | Lair:1   | Lost mutation: You tend to lose your temper in combat. [potion of mutation]
 10575 | Lair:1   | Noticed a spiny frog
 10590 | Lair:1   | Killed a spiny frog
 11001 | Lair:2   | Found a hole to the Spider Nest.
 11001 | Lair:2   | Noticed an orb spider
 11003 | Lair:2   | Banished an orb spider
 11003 | Lair:2   | Reached XP level 11. HP: 90/90 MP: 16/16
 11065 | Lair:2   | Reached skill level 1 in Throwing
 12228 | Lair:3   | Noticed a death yak
 12228 | Lair:3   | Noticed a death yak
 12228 | Lair:3   | Noticed a death yak
 12228 | Lair:3   | Noticed a death yak
 12228 | Lair:3   | Noticed a death yak
 12228 | Lair:3   | Noticed a death yak
 12336 | Lair:3   | Banished a death yak
 12525 | Lair:3   | Banished a death yak
 12547 | Lair:3   | Killed a death yak
 12668 | Lair:3   | Noticed a catoblepas
 12904 | Lair:3   | Noticed an eight-headed hydra
 13211 | Lair:3   | Reached skill level 5 in Shields
 13408 | Lair:2   | Killed a catoblepas
 13408 | Lair:2   | Reached skill level 10 in Axes
 13482 | Lair:3   | Reached XP level 12. HP: 95/100 MP: 19/19
 14495 | Lair:4   | Found a staircase to the Shoals.
 15354 | Lair:5   | Noticed Nessos
 15359 | Lair:5   | Banished Nessos
 15359 | Lair:5   | Reached skill level 10 in Invocations
 15642 | Lair:5   | Noticed an ice dragon
 15652 | Lair:5   | Banished an ice dragon
 16049 | Lair:6   | Entered Level 6 of the Lair of Beasts
 16057 | Lair:5   | Paralysed by a hornet for 3 turns
 16072 | Lair:5   | Mangled by a spiny frog

Skill      XL: |  1  2  3  4  5  6  7  8  9 10 11 12 |
---------------+-------------------------------------+-----
Stealth        | 1 2 3 5 7 8 |  8.8
Axes           | 3 4 5 6 7 9 10 | 10.5
Fighting       | 4 5 6 7 |  7.5
Dodging        | 3 4 5 6 8 9 |  9.8
Invocations    | 3 5 6 7 9 10 | 10.2
Evocations     | 1 |  1.5
Shields        | 2 4 5 6 |  6.2
Throwing       | 1 |  1.2

Action                   |  1- 3 |  4- 6 |  7- 9 | 10-12 || total
-------------------------+-------+-------+-------+-------++-------
Melee: Hand axe          |   130 |   144 |   472 |   872 ||  1618
       Tailslap          |    14 |    17 |    84 |   160 ||   275
Throw: Tomahawk          |       |       |       |    19 ||    19
Invok: Depart the Abyss  |     1 |       |       |       ||     1
       Banish            |       |       |     3 |    20 ||    23
Evoke: Wand              |       |     9 |    10 |     1 ||    20
  Use: Scroll            |     9 |     3 |     9 |     4 ||    25
       Potion            |       |     3 |     8 |     5 ||    16
 Stab: Sleeping          |     1 |     3 |     5 |    17 ||    26
       Distracted        |       |       |     1 |       ||     1
       Petrified         |       |       |       |     3 ||     3
  Eat: Chunk             |     3 |     7 |    24 |    23 ||    57
       Bread ration      |       |       |       |     1 ||     1
Armor: Skin              |    49 |    42 |   175 |   298 ||   564
Dodge: Dodged            |    99 |   129 |   288 |   423 ||   939
Block: Shield            |       |       |   101 |   397 ||   498
